 Dungeon Crawl Stone Soup version 0.30-a0-358-g0d69a1922f (webtiles) character file.

Game seed: 5265577192837588420

844 oldriver the Changer (level 8, -1/80 HPs)
             Began as an Ogre Transmuter on Nov 9, 2022.
             Killed by divine providence
             ... invoked by an orc priest
              (13 damage)
             ... on level 5 of the Dungeon.
             The game lasted 00:06:19 (4549 turns).

oldriver the Changer (Ogre Transmuter)              Turns: 4549, Time: 00:06:19

Health: -1/80      AC:  3    Str: 15    XL:     8   Next: 0%
Magic:  14/15      EV:  9    Int: 16    God:
Gold:   1184       SH:  0    Dex:  9    Spells: 10/16 levels left

rFire   . . .      SeeInvis .    c - +9 staff of Olgreb {rPois∞}
rCold   . . .      Faith    .    (no shield)
rNeg    . . .      Spirit   .    a - +0 robe
rPois   ∞          Reflect  .    (helmet currently unavailable)
rElec   .          Harm     .    (no cloak)
rCorr   .          Rampage  .    (gloves unavailable)
Will    .....                    (boots unavailable)
Stlth   +.........               (no amulet)
HPRegen 0.33/turn                (no ring)
MPRegen 0.14/turn                (no ring)

@: appendages, wereblooded, invisible
A: horns 2, talons 2, large, unfitting armour, tough skin 1
a: End Transformation, Evoke the Staff of Olgreb


You were on level 5 of the Dungeon.
You had temporarily grown beastly horns and talons.
You visited 1 branch of the dungeon, and saw 5 of its levels.

You collected 1184 gold pieces.

Inventory:

Hand Weapons
 c - the +9 staff of Olgreb (weapon) {rPois∞}
   (You acquired it on level 3 of the Dungeon)

   If the wielder is skilled in Evocations, they can envenom those struck by it,
   dealing poison damage which bypasses armour.
   It enhances your poison magic.
   It grants immunity to poison.
   It can be activated via the 'a'bility menu to radiate toxic energy, with
   effectiveness depending on Evocations skill.
Armour
 a - a +0 robe (worn)
Scrolls
 f - a scroll of noise
 h - 2 scrolls of teleportation
 i - a scroll of enchant armour {unknown}
 l - a scroll of fog
 n - a scroll of vulnerability {unknown}
 o - a scroll of poison
 p - 2 scrolls of enchant weapon {unknown}
Potions
 b - 3 potions of lignification
 d - 3 potions of mutation
 e - 2 potions of might
 g - a potion of degeneration
 j - a potion of resistance {unknown}
 m - a potion of curing {unknown}
 q - a potion of haste {unknown}
 r - a potion of brilliance {unknown}


   Skills:
 + Level 5.2 Fighting
 + Level 2.0 Staves
 - Level 1.7 Dodging
 - Level 2.6 Unarmed Combat
 + Level 4.8 Spellcasting
 * Level 5.4 Transmutations
 + Level 2.2 Poison Magic


You had 10 spell levels left.
You knew the following spells:

 Your Spells              Type           Power      Damage    Failure   Level
a - Beastly Appendage     Tmut           42%        N/A       1%          1
b - Wereblood             Tmut           21%        N/A       2%          2
c - Spider Form           Tmut/Pois      24%        N/A       10%         3

Your spell library contained the following spells:

 Spells                   Type           Power      Damage    Failure   Level
 Apportation              Tloc           6%         N/A       16%         1
 Necrotise                Necr           12%        1d4       16%         1
 Summon Small Mammal      Summ           12%        N/A       16%         1
 Ensorcelled Hibernation  Hex/Ice        6%         N/A       24%         2
 Call Canine Familiar     Summ           3%         N/A       43%         3
 Hailstorm                Conj/Ice       3%         3d3       43%         3
 Portal Projectile        Hex/Tloc       6%         N/A       43%         3
 Ice Form                 Ice/Tmut       12%        N/A       45%         4
 Anguish                  Hex/Necr       1%         N/A       83%         4
 Leda's Liquefaction      Hex/Erth       1%         N/A       83%         4
 Simulacrum               Ice/Necr       1%         N/A       100%        6


Dungeon Overview and Level Annotations

Branches:
Dungeon (5/15)
 Temple: D:4-7

Altars:
Ashenzari
Elyvilon
Okawaru
Sif Muna

Annotations:
D:4 4 runed translucent doors


Innate Abilities, Weirdness & Mutations

You have temporarily grown beastly horns and talons.
You are too large for most types of armour.
You have tough skin. (AC +1)


Message History

You hit the orc priest.
The orc priest is heavily wounded.
The orc hits you with a +0 hand axe. The orc hits you with a +0 short sword.
The orc hits you with a +0 hand axe. The orc priest barely misses you.
You closely miss the orc priest. Your kick misses the orc priest.
The orc priest is heavily wounded.
The orc hits you with a +0 short sword. The orc hits you with a +0 hand axe.
The orc priest closely misses you. The hound bites you but does no damage.
You hit the orc priest.
The orc priest is almost dead.
The hound bites you but does no damage. The orc hits you with a +0 short sword.
The orc hits you with a +0 hand axe. The orc priest hits you with a +0 whip.
The hound barely misses you.
You are too injured to fight recklessly!
You are too injured to fight recklessly!
You are too injured to fight recklessly!
You howl as the wereblood boils in your veins!
The orc priest attacks as you move away!
The orc priest hits you but does no damage.
You howl as the wereblood boils in your veins!
You are too injured to fight recklessly!
You are too injured to fight recklessly!
You are too injured to fight recklessly!
You sock the orc!
You feel a bit better.
You kill the orc!
You howl as the wereblood boils in your veins!
The orc barely misses you.
The orc priest invokes the aid of Beogh against you.
Pain shoots through your body!
* * * LOW HITPOINT WARNING * * *
The orc misses you. The hound bites you.
* * * LOW HITPOINT WARNING * * *
You fade into invisibility!
The hound barely misses you. The orc barely misses you.
You howl as the wereblood boils in your veins!
The hound barely misses you.
The orc priest calls down the wrath of Beogh upon you.
Beogh smites you!
You die...

#......#.# ####..#####.
#........# #...........
#......# #...........
#......# #...........
#..†...# #...........
#...).# #.o..)......
#...))######)o#######.
#####..[...)†...h######
........#####...@.....#
.#####.## #.........#
.......######.........#
............#.........#
##########..(.........#
........##.........#
##########.........#
#.........# #...<.....#


You could see a hound, an orc priest (unable to see you) and an orc (unable to
see you).

Vanquished Creatures
  Eustachio (D:4)
  A water moccasin (D:5)
  An ogre (D:3)
  A centaur (D:4)
  A phantom (D:4)
  A scorpion (D:4)
  A jelly (D:4)
  An iguana (D:5)
  2 orc wizards (D:3)
  A gnoll (D:1)
  8 adders
  2 dart slugs
  14 orcs
  16 ball pythons
  8 endoplasms
  4 giant cockroaches
  8 goblins
  5 hobgoblins
  13 jackals
  6 kobolds
  5 quokkas
  7 bats
  4 frilled lizards (D:1)
  4 rats
115 creatures vanquished.

Notes
Turn   | Place    | Note
-------+----------+-------------------------------------------
     0 | D:1      | oldriver the Ogre Transmuter began the quest for the Orb.
     0 | D:1      | Reached XP level 1. HP: 19/19 MP: 3/3
   140 | D:1      | Reached XP level 2. HP: 26/28 MP: 5/5
   399 | D:1      | Reached XP level 3. HP: 35/35 MP: 5/7
  1339 | D:2      | Reached XP level 4. HP: 31/44 MP: 6/8
  2406 | D:3      | Noticed an ogre
  2419 | D:3      | Killed an ogre
  2420 | D:3      | Reached XP level 5. HP: 15/54 MP: 10/10
  2510 | D:3      | Learned a level 2 spell: Wereblood
  2616 | D:3      | Found a broken altar of Ashenzari.
  2616 | D:3      | Found a white marble altar of Elyvilon.
  2618 | D:3      | Found a shimmering blue altar of Sif Muna.
  2692 | D:3      | Reached XP level 6. HP: 16/62 MP: 8/11
  3289 | D:3      | Identified 2 scrolls of acquirement
  3289 | D:3      | Acquired 999 gold pieces
  3503 | D:3      | Acquired the +9 staff of Olgreb {rPois∞}
  3503 | D:3      | Found the +9 staff of Olgreb {rPois∞}
  3512 | D:3      | Learned a level 3 spell: Spider Form
  3595 | D:4      | Found an iron altar of Okawaru.
  3626 | D:4      | Reached skill level 1 in Poison Magic
  3760 | D:4      | Found a large runed translucent door.
  3761 | D:4      | Found a large runed translucent door.
  3817 | D:4      | Found a large runed translucent door.
  3817 | D:4      | Found a large runed translucent door.
  3842 | D:4      | Reached XP level 7. HP: 66/71 MP: 11/13
  4022 | D:4      | Noticed Eustachio
  4044 | D:4      | Killed Eustachio
  4045 | D:4      | Reached skill level 1 in Staves
  4045 | D:4      | Reached skill level 5 in Transmutations
  4182 | D:4      | Found a glowing drain.
  4476 | D:5      | Entered Level 5 of the Dungeon
  4504 | D:5      | Reached skill level 5 in Fighting
  4540 | D:5      | Reached XP level 8. HP: 54/80 MP: 12/15
  4549 | D:5      | Killed from afar by an orc priest

Illustrated notes

Levels and vault maps discovered:
D:1:      dpeg_arrival_rooms_b, layout_loops_ring, hangedman_feature_mirror
D:2:      layout_loops_cross, minmay_snake_closets
D:3:      layout_loops_ring, gammafunk_temple_overflow_claw
D:4:      layout_basic, okawaru_trees_1, portal_sewer_entry_d,
          minmay_hollow_rounded_squares, uniq_eustachio
D:5:      layout_rooms

Skill      XL: |  1  2  3  4  5  6  7 |
---------------+----------------------+-----
Transmutations | 2 3 4 5 |  5.4
Fighting       | 2 3 4 5 |  5.2
Spellcasting   | 3 4 |  4.8
Poison Magic   | 1 2 |  2.2
Staves         | 2 |  2.0
Dodging        | |  1.7
Unarmed Combat | |  2.6

Action                   |  1- 3 |  4- 6 |  7- 9 || total
-------------------------+-------+-------+-------++-------
Melee: Unarmed           |   116 |   159 |       ||   275
       Kick              |    24 |    41 |    12 ||    77
       Headbutt          |     9 |    23 |     9 ||    41
       Punch             |     2 |     4 |       ||     6
       Staff             |       |    35 |    62 ||    97
 Cast: Beastly Appendage |    29 |    36 |     9 ||    74
       Wereblood         |       |     5 |     6 ||    11
  Use: Scroll            |       |    11 |       ||    11
       Potion            |       |       |     1 ||     1
Armor: Robe              |    39 |    56 |    26 ||   121
Dodge: Dodged            |    61 |    92 |    44 ||   197

Table legend: (Time is in decaauts)
 A = Elapsed time spent in this place.
 B = Non-inter-level travel time spent in this place.
 C = Inter-level travel time spent in this place.
 D = Time resting spent in this place.
 E = Time spent auto-exploring this place.
 F = Levels seen in this place.
 G = Mean time per level.
                   A        B        C        D        E       F      G
               +--------+--------+--------+--------+--------+-----+--------+
         Total |   4552 |   4453 |     99 |    207 |   3355 |   5 |  910.4 |
       Dungeon |   4552 |   4453 |     99 |    207 |   3355 |   5 |  910.4 |
               +--------+--------+--------+--------+--------+-----+--------+

Top non-repeatable levels by time:
     D:2: 1290 daAuts
     D:3: 1241 daAuts
     D:1: 993 daAuts
     D:4: 951 daAuts
     D:5: 75 daAuts
